 Dungeon Crawl Stone Soup version 0.26-a0-1181-gd376ed14c5 (webtiles) character file.

Game seed: 7311033493890120889

2814 Arthanis the Arsonist (level 9, -6/45 HPs)
             Began as a Deep Elf Fire Elementalist on Dec 25, 2020.
             Was a Follower of Vehumet.
             Mangled by an ice beast (7 damage)
             ... on level 8 of the Dungeon.
             The game lasted 00:12:06 (9285 turns).

Arthanis the Arsonist (Deep Elf Fire Elementalist)  Turns: 9285, Time: 00:12:06

Health: -6/45      AC:  3    Str:  5    XL:     9   Next: 44%
Magic:  23/23      EV: 13    Int: 28    God:    Vehumet [*.....]
Gold:   84         SH:  0    Dex: 15    Spells: 12/25 levels left

rFire    . . .     SeeInvis .   t - +2 mace of Extremism {elec, Int+4}
rCold    . . .     Faith    .   (no shield)
rNeg     . . .     Spirit   .   a - +0 robe
rPois    .         Reflect  .   (no helmet)
rElec    .         Harm     .   x - +0 cloak
rCorr    .         Rampage  .   (no gloves)
Will     .....                  (no boots)
Stlth    ++........             (no amulet)
HPRegen  0.15/turn              (no ring)
MPRegen  0.18/turn              (no ring)

@: no status effects
A: no striking features
a: Renounce Religion


You were on level 8 of the Dungeon.
You worshipped Vehumet.
Vehumet was aware of your devotion.
You visited 2 branches of the dungeon, and saw 9 of its levels.

You collected 352 gold pieces.
You spent 268 gold pieces at shops.

Inventory:

Hand Weapons
 b - a +0 short sword
 t - the +2 mace of Extremism (weapon) {elec, Int+4}
   (You found it on level 5 of the Dungeon)

   Occasionally, upon striking a foe, it can discharge electrical energy and
   cause terrible harm.
   It affects your intelligence (+4).
 y - a +0 spear
Missiles
 h - 3 throwing nets
Armour
 a - a +0 robe (worn)
 k - a +0 cloak
 x - a +0 cloak (worn)
Wands
 c - a wand of flame (18)
 o - a wand of random effects (23)
 p - a wand of paralysis (5)
 s - a wand of polymorph (7)
Scrolls
 d - 3 scrolls of fog
 e - a scroll of enchant weapon
 j - a scroll of blinking
 l - 5 scrolls of teleportation
 m - 3 scrolls of amnesia
 n - a scroll of immolation
 q - 2 scrolls of remove curse
 r - 3 scrolls of fear
Potions
 f - 6 potions of curing
 g - 2 potions of lignification
 i - a potion of might
 u - a potion of brilliance
 v - a potion of berserk rage
 w - a potion of resistance
 z - a potion of attraction
 A - 2 potions of flight
 B - a potion of invisibility {unknown}


   Skills:
 - Level 3.0 Dodging
 - Level 3.0 Stealth
 + Level 8.9 Spellcasting
 + Level 7.1 Conjurations
 * Level 10.5 Fire Magic


You had 12 spell levels left.
You knew the following spells:

 Your Spells              Type           Power        Failure   Level
a - Foxfire               Conj/Fire      100%         1%          1
b - Conjure Flame         Conj/Fire      58%          1%          3
c - Sticky Flame          Conj/Fire      58%          1%          4
d - Fireball              Conj/Fire      29%          3%          5

Your spell library contained the following spells:

 Spells                   Type           Power        Failure   Level
 Sandblast                Erth           24%          4%          1
 Inner Flame              Hex/Fire       41%          1%          3
 Dazzling Flash           Conj/Hex       64%          3%          3
 Corona                   Hex            13%          4%          1
 Ensorcelled Hibernation  Hex/Ice        24%          7%          2
 Confusing Touch          Hex            12%          14%         3
 Tukima's Dance           Hex            12%          14%         3


Dungeon Overview and Level Annotations

Branches:
Dungeon (8/15)             Temple (1/1) D:6
   Lair: D:8-11

Altars:
Ashenzari
Cheibriados
Elyvilon
Fedhas
Hepliaklqana
Makhleb
Sif Muna
Trog
Uskayaw
Vehumet
Xom

Shops:
D:7 (*(}(?

Annotations:
D:3 2 transporters, MoonlitKnight's ghost, amateur HOFi
D:8 Maggie


Message History

Your Fire Magic skill increases to level 10!
You start resting.
HP restored.
You start resting.
Magic restored.
You climb downwards.
Level annotation: Maggie The hound closely misses you.
The ice beast hits you. The ice beast freezes you! The wight barely misses you.
The hound bites you. The ice beast hits you. The ice beast freezes you!
The wight completely misses you.
There is a stone staircase leading up, spattered with blood here.
The hound bites you.
* * * LOW HITPOINT WARNING * * *
The wight hits you with a cursed +0 dagger.
* * * LOW HITPOINT WARNING * * *
The ice beast hits you.
* * * LOW HITPOINT WARNING * * *
The ice beast freezes you!
You die...

...ยงยงยง........
..............
##..
...........5..
.#..
....$.........
...#
........./....
..#
....#.........
...#
#.............
#.[o#o.
....[###.z.oozz
.....Zh@z#
....##YZz..# .
#........#
#.........
..........
...........
...........
.......#....


You could see an ice beast, a hound, 5 wights, an orc wizard, 3 orcs, a quokka
zombie and an adder skeleton.

Vanquished Creatures
  A two-headed ogre (D:7)
  Joseph (D:7)
  Duvessa (D:6)
  4 sky beasts
  2 ogres (D:6)
  A centaur (D:7)
  A big kobold (D:6)
  A bullfrog (D:6)
  Dowan (D:6)
  3 scorpions
  A howler monkey (D:6)
  A crimson imp (D:3)
  A bullfrog zombie (D:7)
  3 hounds
  A quasit (D:6)
  2 orc priests
  A jelly (D:6)
  6 orc wizards
  A bullfrog skeleton (D:7)
  3 worker ants
  A worker ant zombie (D:7)
  3 gnolls (D:6)
  5 adders
  A shadow imp (D:5)
  A white imp (D:6)
  3 ufetubi
  2 adder skeletons (D:5)
  2 adder zombies (D:7)
  A worm (D:2)
  5 dart slugs
  A leopard gecko (D:2)
  17 orcs
  3 ball pythons
  10 bats
  3 giant cockroaches
  4 goblins
  5 hobgoblins
  9 jackals
  14 kobolds
  A quokka (D:6)
  A leopard gecko skeleton (D:4)
  A quokka skeleton (D:2)
  6 rats
135 creatures vanquished.

Vanquished Creatures (others)
  716 foxfires
716 creatures vanquished.

Grand Total: 851 creatures vanquished

Notes
Turn   | Place    | Note
-------+----------+-------------------------------------------
     0 | D:1      | Arthanis the Deep Elf Fire Elementalist began the quest for
                  | the Orb.
     0 | D:1      | Reached XP level 1. HP: 10/10 MP: 6/6
   214 | D:1      | Reached XP level 2. HP: 15/15 MP: 4/8
   517 | D:1      | Reached skill level 4 in Fire Magic
   730 | D:2      | Found a broken altar of Ashenzari.
   789 | D:2      | Reached XP level 3. HP: 19/19 MP: 6/10
  1076 | D:2      | Learned a level 3 spell: Conjure Flame
  1158 | D:2      | Reached XP level 4. HP: 23/24 MP: 6/11
  1406 | D:2      | Learned a level 4 spell: Sticky Flame
  1948 | D:3      | Noticed MoonlitKnight's ghost (amateur HOFi)
  1957 | D:3      | Reached skill level 5 in Fire Magic
  1957 | D:3      | Reached XP level 5. HP: 28/28 MP: 7/13
  2214 | D:3      | Found a transporter.
  2217 | D:3      | Found a transporter.
  2696 | D:3      | Found a shimmering altar of Xom.
  2830 | D:4      | Learned a level 5 spell: Fireball
  3069 | D:4      | Found a snail-covered altar of Cheibriados.
  3337 | D:4      | Reached skill level 5 in Spellcasting
  3337 | D:4      | Reached XP level 6. HP: 32/32 MP: 9/15
  3733 | D:5      | Entered Level 5 of the Dungeon
  3739 | D:5      | Noticed a sky beast
  3745 | D:5      | Killed a sky beast
  3746 | D:5      | Reached skill level 6 in Fire Magic
  3843 | D:5      | Got an ancient mace
  3844 | D:5      | Identified the +2 mace of Extremism {elec, Int+4} (You
                  | found it on level 5 of the Dungeon)
  4981 | D:3      | Found a white marble altar of Elyvilon.
  5147 | D:3      | Found a burning altar of Makhleb.
  5159 | D:3      | Reached XP level 7. HP: 15/36 MP: 15/17
  5494 | D:6      | Reached skill level 7 in Fire Magic
  6247 | D:6      | Found a staircase to the Ecumenical Temple.
  6260 | Temple   | Entered the Ecumenical Temple
  6289 | Temple   | Became a worshipper of Vehumet
  6360 | D:6      | Reached XP level 8. HP: 41/41 MP: 11/19
  6434 | D:6      | Noticed Duvessa
  6441 | D:6      | Noticed Dowan
  6477 | D:7      | Found Wumakioh's General Store.
  6486 | D:7      | Reached skill level 5 in Conjurations
  6595 | D:7      | Reached skill level 8 in Fire Magic
  6647 | D:7      | Bought a scroll of identify for 22 gold pieces
  6647 | D:7      | Bought a potion of curing for 33 gold pieces
  6647 | D:7      | Bought a potion of flight for 33 gold pieces
  6808 | D:7      | Noticed Joseph
  6817 | D:7      | Killed Joseph
  7225 | D:7      | Found Kara's Gadget Boutique.
  7226 | D:7      | Found Hiryss's Antique Weapon Emporium.
  7334 | D:7      | Reached skill level 9 in Fire Magic
  7378 | D:7      | Found Isogion Umen's Antique Weapon Shoppe.
  7507 | D:7      | Found Daicweuce's Magic Scroll Shop.
  7510 | D:7      | Bought a scroll of blinking for 90 gold pieces
  7510 | D:7      | Bought a scroll of identify for 24 gold pieces
  7510 | D:7      | Bought a scroll of fear for 42 gold pieces
  7510 | D:7      | Bought a scroll of fog for 24 gold pieces
  7924 | D:7      | Found Ritsurei's Antique Weapon Shoppe.
  8152 | D:6      | Killed Duvessa
  8163 | D:6      | Killed Dowan
  8164 | D:6      | Reached XP level 9. HP: 39/45 MP: 7/23
  8293 | D:6      | Reached * piety under Vehumet
  8293 | D:6      | Offered knowledge of Sandblast by Vehumet.
  8644 | D:6      | Found a blossoming altar of Fedhas.
  8816 | D:6      | Found a bloodstained altar of Trog.
  9011 | D:8      | Noticed Maggie
  9177 | D:8      | Noticed a two-headed ogre
  9183 | D:7      | Killed a two-headed ogre
  9184 | D:7      | Reached skill level 10 in Fire Magic
  9285 | D:8      | HP: 1/45 [ice beast (2)]
  9285 | D:8      | Mangled by an ice beast

Illustrated notes

Levels and vault maps discovered:
D:1:      nagdon_arrival_zigzag_paths, layout_rooms, minmay_bisected
D:2:      layout_rooms, nicolae_ashenzari_panopticon, minmay_misc_feat_iff
D:3:      layout_loops_cross, grunt_temple_overflow_champion_of_chaos,
          elyvilon_altar_3, gammafunk_ghost_arena
D:4:      layout_loops_ring, cheibriados_altar_1, serial_co_window_serial,
          co_window_paths_a, co_window_corner_a, co_window_paths_b,
          co_window_paths_b, co_window_paths_b, co_window_unsneaky_path_c,
          co_window_corner_cb, co_window_unsneaky_path_e, co_window_2corner,
          co_window_unsneaky_path_b, co_window_corner_cb, glass_columns_c,
          glass_columns_c
D:5:      layout_loops_ring
D:6:      layout_basic, fedhas_altar_4, lightli_temple_of_fire,
          minmay_temple_entry_trees, uniq_duvessa
D:7:      layout_cave_pods, serial_shops, nicolae_shop_stone, shop,
          shop_fountains, nicolae_shop_temple_entry_statues_fountains,
          nicolae_shop_behind_doors, minmay_shop_grid_forest, uniq_joseph
D:8:      layout_cave_pools, grunt_dithmenos_smoke_and_mirrors,
          nicolae_tso_swordbearing_angel, gammafunk_temple_overflow_claw,
          uniq_erica, uniq_maggie, uniq_maurice
Temple:   compressed_dpeg_triangle_lava_temple

Skill      XL: |  1  2  3  4  5  6  7  8  9 |
---------------+----------------------------+-----
Fire Magic     | 4 5 6 7 9 10 | 10.5
Conjurations   | 2 3 4 6 7 |  7.1
Spellcasting   | 4 5 6 8 |  8.9
Dodging        | 3 |  3.0
Stealth        | 3 |  3.0

Action                   |  1- 3 |  4- 6 |  7- 9 || total
-------------------------+-------+-------+-------++-------
Melee: Mace              |       |    12 |    14 ||    26
 Cast: Foxfire           |    64 |   183 |   217 ||   464
       Conjure Flame     |       |       |     3 ||     3
       Sticky Flame      |       |       |     3 ||     3
       Fireball          |       |       |     3 ||     3
  Use: Scroll            |       |       |    14 ||    14
Armor: Robe              |       |     8 |    22 ||    30
Dodge: Dodged            |     6 |    32 |    69 ||   107

Table legend: (Time is in decaauts)
 A = Elapsed time spent in this place.
 B = Non-inter-level travel time spent in this place.
 C = Inter-level travel time spent in this place.
 D = Time resting spent in this place.
 E = Time spent auto-exploring this place.
 F = Levels seen in this place.
 G = Mean time per level.
                   A        B        C        D        E       F      G
               +--------+--------+--------+--------+--------+-----+--------+
         Total |   9298 |   8887 |    411 |    467 |   7389 |   9 | 1033.1 |
       Dungeon |   9258 |   8847 |    411 |    467 |   7367 |   8 | 1157.2 |
        Temple |     39 |     39 |      0 |      0 |     22 |   1 |   39.0 |
               +--------+--------+--------+--------+--------+-----+--------+

Top non-repeatable levels by time:
     D:6: 1958 daAuts
     D:7: 1848 daAuts
     D:3: 1365 daAuts
     D:5: 1169 daAuts
     D:2: 1104 daAuts
     D:4: 1075 daAuts
     D:1: 726 daAuts
  Temple: 39 daAuts
     D:8: 9 daAuts
